 Dungeon Crawl Stone Soup version 0.27.1-3-gb3d3a73c9e (webtiles) character file.

Game seed: 2987215200240601352

554 H0rd4k the Charlatan (level 7, -3/51 HPs)
             Began as a Human Artificer on Oct 26, 2021.
             Was an Initiate of Gozag.
             Slain by a scorpion (7 damage)
             ... on level 6 of the Dungeon.
             The game lasted 00:08:58 (7131 turns).

H0rd4k the Charlatan (Human Artificer)              Turns: 7131, Time: 00:08:58

Health: -3/51      AC:  3    Str: 13    XL:     7   Next: 55%
Magic:  16/16      EV: 27    Int: 13    God:    Gozag
Gold:   180        SH:  0    Dex: 13    Spells: 6/6 levels left

rFire    . . .     SeeInvis .   n - +2 dagger (protect)
rCold    . . .     Faith    .   (no shield)
rNeg     . . .     Spirit   .   b - +0 leather armour
rPois    .         Reflect  .   m - +0 hat
rElec    .         Harm     .   (no cloak)
rCorr    .         Rampage  .   (no gloves)
Will     .....                  (no boots)
Stlth    +.........             i - amulet of the acrobat
HPRegen  0.17/turn              a - ring of magical power
MPRegen  0.15/turn              (no ring)

@: acrobatic
A: no striking features
a: Renounce Religion, Potion Petition, Call Merchant, Bribe Branch


You were on level 6 of the Dungeon.
You worshipped Gozag.
Gozag was aware of your devotion.
You visited 1 branch of the dungeon, and saw 7 of its levels.

You collected 211 gold pieces.
You paid 31 gold pieces to Gozag.

Inventory:

Hand Weapons
 j - a +0 dagger
 n - a +2 dagger of protection (weapon)
Armour
 b - a +0 leather armour (worn)
 m - a +0 hat (worn)
Jewellery
 a - a ring of magical power (left hand)
 i - an amulet of the acrobat (around neck)
Scrolls
 c - a scroll of amnesia
 f - a scroll of magic mapping
 g - a scroll of fear {unknown}
 h - 2 scrolls of identify {unknown}
 o - a scroll of fog {unknown}
 r - a scroll of enchant armour {unknown}
Miscellaneous
 e - a piece from Xom's chessboard (12/15)


   Skills:
 + Level 2.9 Fighting
 + Level 4.3 Short Blades
 - Level 2.0 Armour
 + Level 3.6 Dodging
 - Level 1.0 Stealth
 + Level 4.8 Evocations


You had 6 spell levels left.
You didn't know any spells.
Your spell library contained the following spells:

 Spells                   Type           Power      Damage    Failure   Level
 Magic Dart               Conj           0%         1d3       36%         1
 Call Imp                 Summ           0%         N/A       52%         2
 Inner Flame              Hex/Fire       0%         N/A       75%         3
 Mephitic Cloud           Conj/Pois/Air  0%         N/A       75%         3
 Cause Fear               Hex            0%         N/A       98%         4
 Discord                  Hex            0%         N/A       100%        8


Dungeon Overview and Level Annotations

Branches:
Dungeon (7/15)             Temple (0/1) D:5

Altars:
Cheibriados
Fedhas
Gozag
Makhleb
Sif Muna
Vehumet

Shops:
D:3 (   D:4 !

Annotations:
D:2 Natasha
D:4 exclusion: downstairs
D:5 Pikel
D:6 exclusion: steam dragon


Message History

You hit the scorpion but do no damage.
The scorpion is lightly wounded.
The scorpion stings you but does no damage.
You hit the scorpion but do no damage.
The scorpion is lightly wounded.
The scorpion closely misses you.
You barely miss the scorpion.
The scorpion is lightly wounded.
The scorpion stings you!
You are poisoned.
The scorpion poisons you!
You hit the scorpion.
The scorpion is moderately wounded.
You feel very sick.
The scorpion stings you but does no damage.
You hit the scorpion but do no damage.
The scorpion is lightly wounded.
You feel sick. The scorpion misses you.
You closely miss the scorpion.
The scorpion is lightly wounded.
You feel sick. The scorpion stings you!
* * * LOW HITPOINT WARNING * * *
Found 16 gold pieces.
You feel sick.
You feel sick.
Found a scroll labelled WOFUIDUY DEAQUTO.
You feel sick.
Unknown command.
Found a leather armour and 8 gold pieces.
You feel sick. The scorpion stings you.
* * * LOW HITPOINT WARNING * * *
You feel sick.
You feel sick.
You are no longer poisoned.
Unknown command.
Unknown command.
Okay, then.
Unknown command.
The scorpion stings you!
You die...
Your body crumbles into a pile of gold.

,* *#.* #.## **,,***,,,,,,** .##
#.## ##..# **,*** **,,,,** ..##
#$.###...####.** ***,,*
...####..#......?.#* **,,***
...............#,,,* *,,,,,,
..###..........##,,** **,,,,,,
..##............#*,,*# **,,,,,,,
..##.....##.....###..####...*..,,
...$....###....s@.....##...##.,,,
......?.#*#[...#.............,,,,
..###....#....###...........***,,
.## ##........#**.....#....## **,
##***.........#*,...###...<.## **
#**,...#............# #......## *
.,,,######....##....###.......#*
#,,** #..##*#.....#.<.###...##
**,** *,,**##.........# ***,..


You could see a scorpion.

Vanquished Creatures
  A steam dragon (D:7)
  A phantom (D:4)
  A howler monkey (D:4)
  A centaur zombie (D:4)
  2 hounds (D:6)
  An iguana (D:6)
  An orc wizard (D:5)
  2 hound skeletons (D:4)
  3 gnolls
  3 adders
  A white imp (D:5)
  An adder skeleton (D:4)
  2 worms
  5 orcs (D:3)
  5 bats
  3 endoplasms
  5 giant cockroaches
  5 goblins
  7 hobgoblins
  6 kobolds
  3 quokkas
  5 ball pythons
  4 frilled lizards
  3 rats
71 creatures vanquished.

Vanquished Creatures (collateral kills)
  An adder (D:2)
  A worm (D:2)
  A quokka (D:3)
  A bat (D:2)
4 creatures vanquished.

Vanquished Creatures (others)
  A necrophage (D:4)
  An adder (D:1)
  An orc (D:1)
3 creatures vanquished.

Grand Total: 78 creatures vanquished

Notes
Turn   | Place    | Note
-------+----------+-------------------------------------------
     0 | D:1      | H0rd4k the Human Artificer began the quest for the Orb.
     0 | D:1      | Reached XP level 1. HP: 15/15 MP: 1/1
   607 | D:1      | Reached XP level 2. HP: 9/21 MP: 2/2
  1431 | D:1      | Reached XP level 3. HP: 26/26 MP: 3/3
  2097 | D:2      | Reached XP level 4. HP: 32/32 MP: 4/4
  2647 | D:2      | Noticed Natasha
  3313 | D:3      | Reached XP level 5. HP: 38/38 MP: 5/5
  3363 | D:3      | Found Oloaqyna's Antique Weapon Shop.
  3693 | D:3      | Found a burning altar of Makhleb.
  3976 | D:3      | Reached skill level 1 in Short Blades
  3980 | D:3      | Found a blossoming altar of Fedhas.
  4593 | D:4      | Noticed a necrophage
  4647 | D:4      | Noticed a phantom
  4771 | D:4      | Found an opulent altar of Gozag.
  4783 | D:4      | Became a worshipper of Gozag Ym Sagoz the Greedy
  5315 | D:4      | Noticed a phantom
  5341 | D:5      | Entered Level 5 of the Dungeon
  5341 | D:5      | Noticed Pikel
  5341 | D:5      | Noticed a lemure
  5341 | D:5      | Noticed a lemure
  5341 | D:5      | Noticed an ogre
  5341 | D:5      | Found a snail-covered altar of Cheibriados.
  5420 | D:4      | Killed a phantom
  5421 | D:4      | Reached XP level 6. HP: 19/45 MP: 6/6
  5666 | D:4      | Found a radiant altar of Vehumet.
  5691 | D:4      | Found Heofe's Distillery.
  5924 | D:5      | Found a staircase to the Ecumenical Temple.
  5959 | D:5      | Found a shimmering blue altar of Sif Muna.
  5964 | D:5      | Noticed an ogre
  6166 | D:6      | Reached XP level 7. HP: 11/51 MP: 7/7
  6439 | D:6      | Noticed a steam dragon
  6486 | D:6      | Noticed a hornet
  6761 | D:6      | You fall into a shaft and drop 1 floor!
  6779 | D:7      | Noticed a steam dragon
  6823 | D:7      | Killed a steam dragon
  7131 | D:6      | Slain by a scorpion

Illustrated notes

Levels and vault maps discovered:
D:1:      minmay_arrival_solitary_statue, layout_basic
D:2:      layout_rooms, serial_curves, eino_curves_01, eino_curves_03,
          hellmonk_ecumenical_altar_blasted, corexii_shack, uniq_natasha
D:3:      layout_basic, fedhas_altar_3, lightli_temple_of_fire, serial_shops,
          nicolae_square_shop
D:4:      layout_basic, grunt_gozag_breadcrumbs, kennysheep_little_box,
          serial_shops, shop, minmay_liquid_box
D:5:      layout_rooms, mainiacjoe_overflow_tiny_flanked,
          grunt_temple_overflow_open, minmay_temple_entry_stoned_glass,
          grunt_decor_cap, minmay_manual_mess, uniq_pikel
D:6:      layout_layer_cave
D:7:      layout_basic

Skill      XL: |  1  2  3  4  5  6  7 |
---------------+----------------------+-----
Evocations     | 4 |  4.8
Dodging        | 2 3 |  3.6
Short Blades   | 2 3 4 |  4.3
Fighting       | 2 |  2.9
Armour         | |  2.0
Stealth        | |  1.0

Action                   |  1- 3 |  4- 6 |  7- 9 || total
-------------------------+-------+-------+-------++-------
Melee: Club              |    61 |       |       ||    61
       Dagger            |    16 |   351 |    67 ||   434
Evoke: Wand              |    14 |    16 |       ||    30
       Piece from Xom's  |       |     5 |       ||     5
  Use: Potion            |       |       |     7 ||     7
       Scroll            |       |       |     3 ||     3
 Stab: Sleeping          |     1 |     3 |       ||     4
       Petrified         |       |     3 |       ||     3
       Invisible         |       |       |     2 ||     2
Armor: Leather armour    |    26 |   107 |    25 ||   158
Dodge: Dodged            |    68 |   198 |    67 ||   333
